 Dungeon Crawl Stone Soup version 0.26-a0-651-gb41185065b (webtiles) character file.

Game seed: 16944778543627794108

2785 Irenicus the Fighter (level 9, -8/105 HPs)
             Began as an Ogre Chaos Knight on Oct 28, 2020.
             Was a Plaything of Xom.
             Shot with an arrow by a centaur (18 damage)
             ... on level 8 of the Dungeon.
             The game lasted 00:25:07 (3220 turns).

Irenicus the Fighter (Ogre Chaos Knight)            Turns: 3220, Time: 00:25:08

Health: -8/105     AC:  5    Str: 21 (22) XL:     9   Next: 70%
Magic:  9/9        EV: 10    Int: 13      God:    Xom [...*..]
Gold:   382        SH:  0    Dex: 11      Spells: 8/8 levels left

rFire    + . .     SeeInvis .   w - +3 hand axe (venom)
rCold    . . .     Faith    .   (no shield)
rNeg     . . .     Spirit   .   b - +2 robe
rPois    .         Reflect  .   (helmet restricted)
rElec    .         Harm     .   (no cloak)
rCorr    .         Rampage  .   (gloves unavailable)
MR       .....     Clarity  +   (boots unavailable) Stlth +.........Rnd*Tele +
                                (no amulet)
HPRegen  0.27/turn              v - ring of protection from fire {rF+, !d}
MPRegen  0.11/turn              t - ring of teleportation

@: no status effects
A: large, unfitting armour, blink, clarity, strong 2, tough skin 1
a: Blink, Renounce Religion


You were on level 8 of the Dungeon.
You worshipped Xom.
You were a favourite toy of Xom.
You visited 1 branch of the dungeon, and saw 8 of its levels.

You collected 382 gold pieces.

Inventory:

Hand Weapons
 a - a +0 hand axe of chaos
 o - the +3 quarterstaff "Ejam" {holy, rN+ Str-4 Int+3}
   (You found it on level 8 of the Dungeon)

   It has been blessed by the Shining One to cause great damage to the undead
   and demons.
   It affects your strength (-4).
   It affects your intelligence (+3).
   It protects you from negative energy.
 r - a +0 war axe
   (You found it on level 4 of the Dungeon)
 w - a +3 hand axe of venom (weapon)
   (You took it off an orc on level 7 of the Dungeon)
Missiles
 h - 22 poisoned darts
Armour
 b - a +2 robe (worn)
Jewellery
 f - an uncursed ring of ice {rC+, rF-}
   (You found it on level 1 of the Dungeon)
 t - a ring of teleportation (right hand)
   (You found it on level 7 of the Dungeon)
 v - a ring of protection from fire (left hand) {rF+, !d}
   (You found it on level 5 of the Dungeon)
Wands
 u - a wand of iceblast (9)
   (You found it on level 5 of the Dungeon)
Scrolls
 c - 2 scrolls of amnesia {unknown}
 e - 3 scrolls of magic mapping {!r}
 g - a scroll of enchant armour {unknown}
 i - 6 scrolls of remove curse
 j - 2 scrolls of teleportation
 k - a scroll of immolation {!r}
 m - a scroll of blinking {unknown}
 p - 5 scrolls of identify
 s - 2 scrolls of enchant weapon
Potions
 l - a potion of haste
 n - a potion of stabbing
 q - a potion of brilliance


   Skills:
 + Level 11.6 Fighting
 + Level 10.3 Axes
 - Level 2.1 Dodging


You had 8 spell levels left.
You didn't know any spells.
Your spell library contained the following spells:

 Spells                   Type           Power        Failure   Level
 Animate Skeleton         Necr           #.....       30%         1
 Apportation              Tloc           #.....       30%         1
 Corona                   Hex            #......      30%         1
 Summon Small Mammal      Summ           #...         30%         1


Dungeon Overview and Level Annotations

Branches:
Dungeon (8/15)             Temple (0/1) D:4
   Lair: D:8-11

Altars:
Dithmenos
Fedhas
Nemelex Xobeh
Xom
Yredelemnul

Portals:
Bailey: D:8


Innate Abilities, Weirdness & Mutations

You are too large for most types of armour.
You have tough skin. (AC +1)
You can translocate small distances at will.
You possess an exceptional clarity of mind.
Your muscles are very strong. (Str +4)


Message History

The wyvern barely misses you.
You hit the wyvern.
The wyvern is poisoned.
The wyvern is lightly wounded.
The wyvern misses you.
Your magical contamination has completely faded away.
You barely miss the wyvern.
The wyvern is lightly wounded.
The wyvern barely misses you.
Evoke which item? (* to show all) (? for menu, Esc to quit)
Okay, then.
You hit the wyvern.
The wyvern is moderately wounded.
The wyvern closely misses you.
You hit the wyvern.
The wyvern looks as sick as possible!
The wyvern is moderately wounded.
The wyvern bites you!
* * * LOW HITPOINT WARNING * * *
You take 10 damage, and have 12/105 hp. "You have displeased me, mortal."
You feel weakened.
You are now a special plaything of Xom.
The wyvern bites you!
* * * LOW HITPOINT WARNING * * *
You see here a steam dragon corpse.
You take 8 damage, and have 4/105 hp.
You feel yourself speed up. The wyvern bites you.
* * * LOW HITPOINT WARNING * * *
You take 3 damage, and have 1/105 hp.
The area is suffused with divine lightning!
The blast of lightning engulfs the wyvern!!
The wyvern dies!
You are now a favourite toy of Xom.
You hear a bark!
You see here a steam dragon corpse.
You see here a howler monkey corpse.
A bullfrog comes into view.
The bullfrog croaks.
Evoke which item? (* to show all) (? for menu, Esc to quit)
Aiming: Random Effects
Press: ? - help, Shift-Dir - straight line, f - bullfrog
Aim: a bullfrog The bullfrog flickers and vanishes!
Deactivating autopickup; reactivate with Ctrl-A.
Evoke which item? (* to show all) (? for menu, Esc to quit)
Press: ? - help, Shift-Dir - straight line Nothing appears to happen.
You hear the creaking of a distant portcullis.
A hound comes into view.
Evoke which item? (* to show all) (? for menu, Esc to quit)
Press: ? - help, Shift-Dir - straight line, f - hound
Aim: a hound You see here a howler monkey corpse. "Just a minor improvement..."
You see here a steam dragon corpse.
Evoke which item? (* to show all) (? for menu, Esc to quit)
Aiming: Random Effects
Press: ? - help, Shift-Dir - straight line, f/p - hound
Aim: a hound Nothing appears to happen.
Evoke which item? (* to show all) (? for menu, Esc to quit)
Aiming: Random Effects
Press: ? - help, Shift-Dir - straight line, f/p - hound
Aim: a hound Evoke which item? (* to show all) (? for menu, Esc to quit)
Aiming: Random Effects
Press: ? - help, Shift-Dir - straight line, f/p - hound
Aim: a hound Nothing appears to happen.
There is a shimmering altar of Xom here.
Evoke which item? (* to show all) (? for menu, Esc to quit)
Aiming: Random Effects
Press: ? - help, Shift-Dir - straight line, f/p - hound
Aim: a hound Nothing appears to happen.
Evoke which item? (* to show all) (? for menu, Esc to quit)
Aiming: Random Effects
Press: ? - help, Shift-Dir - straight line, f/p - hound
Aim: a hound The bolt of negative energy hits something!
The bolt of negative energy misses the hound.
Evoke which item? (* to show all) (? for menu, Esc to quit)
Press: ? - help, Shift-Dir - straight line, p - hound The mass of ice explodes!
The iceblast engulfs the hound!
The hound is almost dead.
The iceblast engulfs something.
The now-empty wand crumbles to dust.
You hear a shout!
Your extra speed is starting to run out.
You hit the hound.
You kill the hound!
You hit something.
Reactivating autopickup.
You feel a bit more experienced.
You see here a bullfrog corpse.
You feel yourself slow down.
A centaur comes into view. It is carrying a wand of paralysis (8).
There is a shimmering altar of Xom here.
The centaur wields a +3 shortbow.
The centaur shoots an arrow.
The arrow hits you!!
You die...
Xom roars with laughter!

#......#....).......#.#
#...###.#.......#.# #..##
#.#.......#.# # #..#
#.##+######.# ####.# #).#
#.##.# #h# #... #..#
#.##.# #.####.##
#..####.##.# #†#.....#
#.>.c†.....######.#.##..#
#.#####..._@....†.#<##..#
#.# #################..#
#.# ...................#
. #.# :.###....)).###...#
.. #.#
........####.......#
...###.# ###...###
##..#.#.# .(.....# #..#
#####.#.#.# ######## #..#
#...#.#.#.# #.#
##...)#.#..


You could see a centaur.

Vanquished Creatures
  Prince Ribbit (D:6)
  A steam dragon (D:8)
  3 sky beasts
  An ice beast (D:6)
  An ogre (D:4)
  3 centaurs
  4 bullfrogs
  6 scorpions
  3 howler monkeys
  An electric eel (D:8)
  A centaur zombie (D:5)
  A bullfrog zombie (D:6)
  4 orc priests
  10 hounds
  A centaur skeleton (D:6)
  A bullfrog skeleton (D:6)
  An iguana (D:6)
  7 orc wizards
  2 worker ants (D:5)
  2 hound zombies (D:6)
  A hound skeleton (D:5)
  7 adders
  A shadow imp (D:8)
  An ufetubus (D:7)
  2 oozes
  2 adder zombies
  A worm (D:2)
  A dart slug (D:3)
  2 leopard geckos
  15 orcs
  2 ball pythons
  4 bats
  4 giant cockroaches
  6 goblins
  4 hobgoblins
  8 jackals
  2 quokkas
  2 frilled lizards
  A jackal zombie (D:6)
  2 kobolds (D:1)
  5 rats
127 creatures vanquished.

Vanquished Creatures (others)
  A wyvern (D:8)
  10 plants (D:8)
11 creatures vanquished.

Grand Total: 138 creatures vanquished

Notes
Turn   | Place    | Note
-------+----------+-------------------------------------------
     0 | D:1      | Irenicus the Ogre Chaos Knight began the quest for the Orb.
     0 | D:1      | Reached XP level 1. HP: 24/24 MP: 1/1
    17 | D:1      | Found a sparkling altar of Nemelex Xobeh.
    39 | D:1      | XOM: silly message
   124 | D:1      | Reached XP level 2. HP: 27/32 MP: 2/2
   292 | D:1      | Reached skill level 4 in Axes
   491 | D:2      | Reached XP level 3. HP: 39/39 MP: 3/3
   527 | D:2      | XOM: divination: magic mapping
   604 | D:2      | HP: 8/39 [orc priest/divine providence (16)]
   606 | D:2      | XOM: potion effect (invisibility)
   607 | D:2      | HP: 1/39 [orc wizard/+0 dagger (3)]
   613 | D:2      | HP: 3/87 [orc priest/+0 club (1)]
   614 | D:2      | XOM: potion effect (haste)
   616 | D:2      | Reached XP level 4. HP: 5/48 MP: 4/4
   617 | D:2      | Reached skill level 5 in Axes
   751 | D:2      | HP: 11/48 [gnoll/+0 spear (7)]
   931 | D:3      | Reached XP level 5. HP: 35/54 MP: 5/5
  1068 | D:3      | XOM: cloud trail
  1070 | D:3      | Irenicus: ?? seething chaos
  1070 | D:3      | beem: seething chaos[1/1]: Causes {chaos} effects.
  1078 | D:3      | XOM: potion effect (brilliance)
  1089 | D:3      | HP: 7/54 [worm (8)]
  1199 | D:4      | XOM: divination: detect items
  1266 | D:4      | Reached skill level 6 in Axes
  1277 | D:4      | HP: 7/55 [orc wizard/puff of flame (21)]
  1277 | D:4      | XOM: butterfly on damage
  1283 | D:4      | Gained mutation: Your muscles are strong. (Str +2) [potion
                  | of mutation]
  1283 | D:4      | Gained mutation: You can translocate small distances at
                  | will. [potion of mutation]
  1283 | D:4      | Gained mutation: You possess an exceptional clarity of
                  | mind. [potion of mutation]
  1283 | D:4      | Gained mutation: Your muscles are very strong. (Str +4)
                  | [potion of mutation]
  1284 | D:4      | HP: 6/55 [orc wizard/+0 dagger (3)]
  1293 | D:4      | Reached skill level 5 in Fighting
  1293 | D:4      | Reached XP level 6. HP: 29/66 MP: 6/6
  1303 | D:4      | HP: 16/66 [hound (1)]
  1348 | D:4      | HP: 16/66 [hound (1)]
  1380 | D:4      | Found a staircase to the Ecumenical Temple.
  1392 | D:4      | XOM: enchant monster (good)
  1394 | D:4      | XOM: potion effect (berserk rage)
  1399 | D:4      | XOM: enchant monster (bad)
  1405 | D:4      | Reached skill level 6 in Fighting
  1405 | D:4      | Reached XP level 7. HP: 44/75 MP: 7/7
  1493 | D:5      | Entered Level 5 of the Dungeon
  1543 | D:5      | XOM: noise
  1544 | D:5      | Reached skill level 7 in Axes
  1659 | D:5      | XOM: confuse monster(s)
  1697 | D:6      | XOM: god gift: 37 gold pieces
  1701 | D:6      | Reached skill level 7 in Fighting
  1715 | D:6      | Noticed Prince Ribbit
  1731 | D:6      | HP: 18/78 [Prince Ribbit (10)]
  1732 | D:6      | Killed Prince Ribbit
  1739 | D:5      | HP: 12/79 [centaur/arrow (9)]
  1740 | D:5      | XOM: summons friendly white imp
  1824 | D:5      | Reached XP level 8. HP: 25/88 MP: 8/8
  1835 | D:5      | HP: 21/88 [orc/+0 falchion (7)]
  1927 | D:5      | Reached skill level 8 in Fighting
  1931 | D:5      | Found a shadowy altar of Dithmenos.
  1931 | D:5      | Found a basalt altar of Yredelemnul.
  2053 | D:6      | Reached skill level 8 in Axes
  2174 | D:6      | Noticed Eustachio
  2182 | D:6      | XOM: confuse monster(s)
  2183 | D:6      | Noticed Eustachio
  2183 | D:6      | Eustachio changed into Eustachio the ooze
  2183 | D:6      | XOM: polymorph Eustachio -> Eustachio the ooze
  2185 | D:6      | Killed Eustachio the ooze
  2203 | D:6      | HP: 20/91 [centaur (3)]
  2204 | D:6      | XOM: silly message
  2208 | D:6      | Reached skill level 9 in Fighting
  2209 | D:6      | HP: 18/92 [orc priest/divine providence (10)]
  2214 | D:6      | HP: 22/92 [orc priest/divine providence (11)]
  2216 | D:6      | XOM: potion effect (curing)
  2219 | D:6      | HP: 23/92 [orc priest/nerve-wracking pain (8)]
  2221 | D:6      | XOM: potion effect (stabbing)
  2225 | D:6      | HP: 19/92 [bullfrog (1)]
  2229 | D:6      | HP: 5/92 [bullfrog (5)]
  2269 | D:6      | HP: 21/92 [something (2)]
  2274 | D:6      | HP: 11/92 [something (5)]
  2276 | D:6      | HP: 3/92 [something (5)]
  2290 | D:6      | HP: 6/138 [bullfrog skeleton (3)]
  2339 | D:6      | XOM: potion effect (invisibility)
  2362 | D:6      | XOM: potion effect (stabbing)
  2363 | D:6      | HP: 19/92 [hound zombie (2)]
  2383 | D:6      | HP: 16/92 [hound (5)]
  2477 | D:6      | Reached skill level 9 in Axes
  2482 | D:6      | HP: 22/93 [iguana (3)]
  2484 | D:6      | HP: 8/93 [iguana (8)]
  2667 | D:6      | XOM: cloud trail
  2706 | D:6      | Reached skill level 10 in Fighting
  2706 | D:6      | Reached XP level 9. HP: 63/101 MP: 9/9
  2809 | D:7      | XOM: potion effect (might)
  2826 | D:7      | Found a blossoming altar of Fedhas.
  3073 | D:8      | Reached skill level 11 in Fighting
  3089 | D:8      | HP: 25/105 [sky beast (5)]
  3094 | D:8      | XOM: noise
  3094 | D:8      | HP: 17/105 [ufetubus (3)]
  3098 | D:8      | HP: 8/105 [ufetubus (1)]
  3109 | D:8      | Found a flagged portal.
  3115 | D:8      | Got a slimy quarterstaff
  3117 | D:8      | Identified the +3 quarterstaff "Ejam" {holy, rN+ Str-4
                  | Int+3} (You found it on level 8 of the Dungeon)
  3128 | D:8      | HP: 15/105 [hound (1)]
  3132 | D:8      | Reached skill level 10 in Axes
  3160 | D:8      | XOM: cast spell 'Call Canine Familiar'
  3161 | D:8      | HP: 19/105 [something/ball of steam (1)]
  3173 | D:8      | HP: 12/105 [wyvern (10)]
  3174 | D:8      | XOM: stat loss: -1 Str (21/22)
  3174 | D:8      | HP: 4/105 [wyvern (8)]
  3175 | D:8      | HP: 1/105 [wyvern (3)]
  3177 | D:8      | XOM: divine lightning
  3190 | D:8      | XOM: scenery: create altars
  3220 | D:8      | Shot with an arrow by a centaur

Illustrated notes

Levels and vault maps discovered:
D:1:      minmay_arrival_shattered_statue, layout_basic, minivault_14,
          nemelex_xobeh_ov_fountains_minmay
D:2:      cheibrodos_pilgrimage, layout_basic
D:3:      layout_basic, tgw_kikubaaqudgha
D:4:      layout_basic, minmay_temple_entry_statues_fountains, abandoned_shop,
          makhleb_altar_promises_db
D:5:      layout_loops_cross, amethyst_overflow_temple_binary,
          kennysheep_decorative_pillar
D:6:      minmay_chambers_of_sixes, layout_basic, minmay_crystal_room,
          kennysheep_generic_room_14, uniq_eustachio, uniq_prince_ribbit1
D:7:      layout_cave_pools, fedhas_altar_1
D:8:      wad_lake_hut, layout_basic, gammafunk_temple_overflow_claw,
          enter_bailey_2, minmay_bent

Skill      XL: |  1  2  3  4  5  6  7  8  9 |
---------------+----------------------------+-----
Axes           | 4 5 6 7 9 10 | 10.3
Fighting       | 5 6 7 10 11 | 11.6
Dodging        | |  2.1

Action                   |  1- 3 |  4- 6 |  7- 9 || total
-------------------------+-------+-------+-------++-------
Melee: Hand axe          |    78 |   137 |   292 ||   507
       Quarterstaff      |       |       |     2 ||     2
Throw: Dart              |       |    13 |       ||    13
Evoke: Wand              |       |       |    24 ||    24
  Use: Potion            |     2 |     8 |    10 ||    20
       Scroll            |       |       |     6 ||     6
 Stab: Paralysed         |     1 |       |     7 ||     8
       Invisible         |     3 |       |       ||     3
       Petrified         |       |     4 |    11 ||    15
       Confused          |       |       |     1 ||     1
Armor: Robe              |    27 |    45 |    76 ||   148
       Skin              |     3 |     2 |     3 ||     8
Dodge: Dodged            |    62 |    61 |   120 ||   243

Table legend: (Time is in decaauts)
 A = Elapsed time spent in this place.
 B = Non-inter-level travel time spent in this place.
 C = Inter-level travel time spent in this place.
 D = Time resting spent in this place.
 E = Time spent auto-exploring this place.
 F = Levels seen in this place.
 G = Mean time per level.
                   A        B        C        D        E       F      G
               +--------+--------+--------+--------+--------+-----+--------+
         Total |   3168 |   3048 |    120 |    259 |     59 |   8 |  396.0 |
       Dungeon |   3168 |   3048 |    120 |    259 |     59 |   8 |  396.0 |
               +--------+--------+--------+--------+--------+-----+--------+

Top non-repeatable levels by time:
     D:6: 849 daAuts
     D:1: 497 daAuts
     D:5: 425 daAuts
     D:2: 390 daAuts
     D:4: 312 daAuts
     D:3: 308 daAuts
     D:7: 209 daAuts
     D:8: 174 daAuts

Table legend:
 A = Kills in this place as a percentage of kills in entire the game.
 B = Kills by you in this place as a percentage of kills by you in the entire game.
 C = Kills by friends in this place as a percentage of kills by friends in the entire game.
 D = Other kills in this place as a percentage of other kills in the entire game.
 E = Experience gained in this place as a percentage of experience gained in the entire game.
 F = Experience gained in this place divided by the number of levels of this place that you have seen.
                   A       B       C       D       E      F
               +-------+-------+-------+-------+-------+----------------------
         Total | 100.0 | 100.0 |   N/A | 100.0 | 100.0 | 497.4
       Dungeon | 100.0 | 100.0 |   N/A | 100.0 | 100.0 | 497.4
               +-------+-------+-------+-------+-------+----------------------
